 Dungeon Crawl Stone Soup version 0.31.0-11-ge490571c62 (webtiles) character file.

Game seed: 3402045109396166229

262109 Jokingforfun the Peltast (level 19, -18/163 HPs)
             Began as an Armataur Fighter on Jan 30, 2024.
             Was a High Priest of Wu Jian.
             Demolished by a very large slime creature (40 damage)
             ... on level 1 of the Pits of Slime.
             The game lasted 04:46:59 (34149 turns).

Jokingforfun the Peltast (Armataur Fighter)        Turns: 34149, Time: 04:46:59

Health: -18/163    AC: 40    Str: 29    XL:     19   Next: 21%
Magic:  10/30      EV: 17    Int:  9    God:    Wu Jian [*****.]
Gold:   993        SH: 20    Dex: 12    Spells: 30/33 levels left

rFire   . . .        x - +5 war axe (protect)
rCold   . . .        n - +5 kite shield {reflect}
rNeg    + + .        Z - +5 scale mail of the Cartwright {^Contam rN++ Will+ Dex+2}
rPois   +            p - +2 hat {SInv}
rElec   .            Y - +2 cloak {Stlth+}
rCorr   .            v - +0 pair of gloves {infuse}
SInv    +            a - +4 barding
Will    ++...        E - amulet of regeneration
Stlth   ++           F - +5 ring of evasion
HPRegen 1.27/turn    R - +4 ring of slaying
MPRegen 0.22/turn

%: reflection, roll, infuse magic (1 MP)
@: under a protective aura, in a heavenly storm, glowing, studying 3 skills,
serpent's lash
A: large, deformed body, tough skin 3, armoured tail, roll 2, poison resistance,
teleportitis 1
}: 2/15 runes: decaying, gossamer
a: Renounce Religion, Wall Jump, Serpent's Lash, Heavenly Storm


You were on level 1 of the Pits of Slime.
You worshipped Wu Jian.
Wu Jian was extremely pleased with you.
You visited 8 branches of the dungeon, and saw 30 of its levels.
You also visited: Sewer, Gauntlet and Ice Cave.

You collected 2714 gold pieces.
You spent 1721 gold pieces at shops.

Inventory:

Hand Weapons
 r - the +7 falchion of Fahak {venom, ^Drain Fly rElec Dex+2}
   (You took it off Kirke on level 5 of the Lair of Beasts)

   Dex+2:     It affects your dexterity (+2).
   rElec:     It insulates you from electricity.
   Fly:       It grants you flight.
   ^Drain:    It drains your maximum health when unequipped.
 x - a +5 war axe of protection (weapon)
 y - a +4 flail of protection
Missiles
 d - 9 silver javelins
 f - a throwing net
 w - 7 atropa-tipped darts
 A - 18 boomerangs (quivered)
 I - 52 poisoned darts
 M - 9 darts of dispersal
Armour
 a - a +4 barding (worn)
 n - a +5 kite shield of reflection (worn)
 p - a +2 hat of see invisible (worn)
 u - a +4 chain mail of cold resistance
 v - a +0 pair of gloves of infusion (worn)
 Y - a +2 cloak of stealth (worn)
 Z - the +5 scale mail of the Cartwright (worn) {^Contam rN++ Will+ Dex+2}
   (You found it on level 4 of the Spider Nest)

   Dex+2:     It affects your dexterity (+2).
   rN++:      It greatly protects you from negative energy.
   Will+:     It increases your willpower.
   ^Contam:   It causes magical contamination when unequipped.
Magical Staves
 s - the staff of the Saviour {rPois rN+ SInv Fire Alchemy}
   (You found it in a Gauntlet)

   [staff of alchemy]

   Base accuracy: +5 Base damage: 5 Base attack delay: 1.2 This weapon's minimum
   attack delay (0.6) is reached at skill level 12.
   rPois:     It protects you from poison rN+: It protects you from negative
   energy.
   SInv:      It lets you see invisible.
   Fire:      It increases the power of your Fire spells.
   Alchemy:   It increases the power of your Alchemy spells.
   It falls into the 'Staves' category.
   It is a one-handed weapon.
Jewellery
 c - a ring of protection from fire
 C - a ring of protection from cold
 E - an amulet of regeneration (around neck)
 F - a +5 ring of evasion (left hand)
 L - a +6 ring of strength
 N - a ring of positive energy
 R - a +4 ring of slaying (right hand)
Wands
 b - a wand of mindburst (6)
 i - a wand of paralysis (24)
 j - a wand of light (5)
 z - a wand of polymorph (9)
 D - a wand of flame (10)
 K - a wand of digging (4)
 Q - a wand of roots (9)
Scrolls
 g - a scroll of vulnerability
 h - 4 scrolls of amnesia
 k - 3 scrolls of fog
 t - 2 scrolls of immolation
 B - 5 scrolls of revelation
 H - 2 scrolls of poison
 J - 3 scrolls of silence
 P - 2 scrolls of identify
 S - a scroll of teleportation
 W - a scroll of brand weapon
Potions
 e - 3 potions of curing
 l - a potion of invisibility
 m - 3 potions of haste
 q - a potion of heal wounds
 G - 3 potions of mutation
 O - 3 potions of enlightenment
 T - 5 potions of brilliance
 U - a potion of magic
 V - 4 potions of ambrosia
 X - a potion of might


   Skills:
 + Level 13.3 Fighting
 + Level 0.5 Long Blades
 + Level 8.8(11.9) Axes
 + Level 13.8(15.0) Maces & Flails
 + Level 8.3 Throwing
 + Level 15.1 Armour
 + Level 4.3 Dodging
 + Level 13.8 Stealth
 + Level 20.6 Shields
 * Level 7.9 Spellcasting
 * Level 7.1 Evocations


You had 30 spell levels left.
You knew the following spells:

 Your Spells              Type           Power      Damage    Failure   Level
a - Blink                 Tloc           6%         N/A       50%         2
b - Slow                  Hex            12%        N/A       36%         1

Your spell library contained the following spells:

 Spells                   Type           Power      Damage    Failure   Level
 Necrotise                Necr           12%        1d4       36%         1
 Shock                    Conj/Air       12%        1d3       36%         1
 Sting                    Conj/Alch      12%        1d3       36%         1
 Cigotuvi's Dreadful Rot  Necr/Alch/Air  6%         N/A       50%         2
 Ensorcelled Hibernation  Hex/Ice        6%         N/A       50%         2
 Lesser Beckoning         Tloc           6%         N/A       50%         2
 Mercury Vapours          Alch/Air       6%         N/A       50%         2
 Momentum Strike          Conj/Tloc      6%         3d8       50%         2
 Static Discharge         Conj/Air       6%         3-4/arc   50%         2
 Call Canine Familiar     Summ           3%         N/A       73%         3
 Confusing Touch          Hex            3%         N/A       73%         3
 Frozen Ramparts          Ice            6%         1d1       73%         3
 Fugue of the Fallen      Necr           3%         N/A       73%         3
 Ozocubu's Armour         Ice            3%         N/A       73%         3
 Passwall                 Erth           3%         N/A       73%         3
 Sigil of Binding         Hex            3%         N/A       73%         3
 Stone Arrow              Conj/Erth      6%         3d7       73%         3
 Swiftness                Air            3%         N/A       73%         3
 Vampiric Draining        Necr           3%         2d6       73%         3
 Airstrike                Air            1%         2d(1-17)  98%         4
 Anguish                  Hex/Necr       1%         N/A       98%         4
 Animate Armour           Summ/Erth      6%         N/A       98%         4
 Brom's Barrelling Bould  Conj/Erth      3%         2d3       98%         4
 Dimensional Bullseye     Hex/Tloc       1%         N/A       98%         4
 Ignite Poison            Fire/Alch      3%         N/A       98%         4
 Leda's Liquefaction      Alch/Erth      1%         N/A       98%         4
 Martyr's Knell           Necr/Summ      3%         N/A       98%         4
 Olgreb's Toxic Radiance  Alch           3%         N/A       98%         4
 Passage of Golubria      Tloc           3%         N/A       98%         4
 Petrify                  Alch/Erth      3%         N/A       98%         4
 Summon Blazeheart Golem  Fire/Summ      3%         N/A       98%         4
 Summon Lightning Spire   Summ/Air       3%         N/A       98%         4
 Curse of Agony           Necr           3%         N/A       100%        5
 Fireball                 Conj/Fire      1%         3d3       100%        5
 Freezing Cloud           Conj/Ice/Air   1%         6-21      100%        5
 Iskenderun's Battlesphe  Conj           3%         2d6       100%        5
 Lee's Rapid Deconstruct  Erth           1%         3d4*      100%        5
 Metabolic Englaciation   Hex/Ice        1%         N/A       100%        5
 Silence                  Hex/Air        1%         N/A       100%        5
 Bombard                  Conj/Erth      1%         9d1       100%        6
 Conjure Ball Lightning   Conj/Air       1%         3x3d6     100%        6
 Sculpt Simulacrum        Ice/Alch       1%         N/A       100%        6
 Orb of Destruction       Conj           1%         9d5       100%        7
 Spellforged Servitor     Conj/Summ      1%         N/A       100%        7
 Lehudib's Crystal Spear  Conj/Erth      1%         10d2      100%        8


Dungeon Overview and Level Annotations

Branches:
Dungeon (12/15)            Temple (1/1) D:6            Lair (5/5) D:9
  Swamp (4/4) Lair:2       Spider (4/4) Lair:2        Slime (1/5) Lair:5
    Orc (2/2) D:12            Elf (1/3) Orc:2         Sewer (visited)
  IceCv (visited)         Gauntlet (visited)

Altars:
Ashenzari
Cheibriados
Dithmenos
Elyvilon
Fedhas
Gozag
Hepliaklqana
Kikubaaqudgha
Makhleb
Nemelex Xobeh
Okawaru
Qazlal
Ru
Sif Muna
Trog
Uskayaw
Vehumet
Wu Jian
Xom
Yredelemnul
Zin
The Shining One

Shops:
D:5 :   Orc:1 ?   Orc:2 !=(!


Innate Abilities, Weirdness & Mutations

Armour fits poorly on your strangely shaped body.
You have extremely tough skin. (AC +3)
You have a long armoured tail.
You regenerate magic and health when rolling toward enemies. (Rampage Regen)
Your system is resistant to poisons. (rPois)
You are occasionally teleported next to monsters.


Message History

You block the acid blob's attack.
The rockslime hits you but does no damage.
You block the slime creature's attack. x2
Two slime creatures merge to form a large slime creature.
Your muscles tense, ready for explosive movement...
You barely miss the rockslime.
You tail-slap the rockslime, but do no damage.
The rockslime is lightly wounded.
You slash the large slime creature! You slash the acid blob!
The acid corrodes you!
Your hands burn!
You slash the slime creature!
An acid blob comes into view.
The acid blob hits you but does no damage.
You block the rockslime's attack. You block the slime creature's attack.
Two slime creatures merge to form a very large slime creature.
A slime creature comes into view.
The slime creature quivers.
You hit the rockslime but do no damage.
You tail-slap the rockslime, but do no damage.
The rockslime is lightly wounded.
You slash the acid blob! The acid corrodes you!
Your hands burn!
You slash the slime creature!
You barely miss the very large slime creature.
The acid blob hits you!!
You are splashed with acid!
You block the rockslime's attack. You block the slime creature's attack.
The very large slime creature hits you!!
The acid blob barely misses you.
The air is filled with shimmering golden clouds!
Sifu Hu Sanniang says: The storm will not cease as long as you keep fighting, disciple!
The rockslime closely misses you. The slime creature closely misses you.
You block the very large slime creature's attack.
The acid blob spits acid at you. The splash of acid hits you!!
* * * LOW HITPOINT WARNING * * *
The acid corrodes you! The rockslime closely misses you.
Your magical effects are unravelling.
You feel magically purged.
You are no longer corroded.
You block the slime creature's attack.
The very large slime creature hits you!!!
You die...

#.... ....#.#
.. .... .......
..##...#.......
...............
...........#.#.
#...☼§§§☼....#
.#...§§☼§☼.#...
.....§§@J☼.....
..#..§JJJ§.....
.....§§☼§§.##..
...............
...............
.....>J....J...
....J..........
...............
.#..#.........#


You could see an acid blob, a very large slime creature, a slime creature and a
rockslime.

Vanquished Creatures
  the Lernaean hydra (Swamp:4)
  Bai Suzhen (Spider:4)
  Arachne (Spider:3)
  Rupert (Lair:5)
  2 thorn hunters (Swamp:3)
  Kirke (Lair:5)
  Aizul (Swamp:2)
  A frost giant (D:10)
  3 ghost moths (Spider:4)
  A reaper (IceCv)
  2 formless jellyfish (Lair:5)
  3 broodmothers
  4 eleionomae
  2 deep elf demonologists (Elf:1)
  3 deep elf annihilators (Elf:1)
  A bunyip (Swamp:1)
  4 spark wasps
  A minotaur (Gauntlet)
  A shambling mangrove (Swamp:4)
  A fire dragon (D:10)
  7 entropy weavers
  A great orb of eyes (D:10)
  25 hydras
  2 ogre magi (D:10)
  10 alligators
  2 radroaches
  3 merfolk avatars (Swamp:4)
  A jorogumo (Spider:1)
  5 dancing weapons (Elf:1)
  2 centaur warriors (D:10)
  3 boulder beetles
  11 death yaks
  4 demonic crawlers
  4 two-headed ogres
  3 orc high priests (Orc:2)
  6 deep elf knights (Elf:1)
  A skyshark (Lair:4)
  8 swamp dragons
  3 pharaoh ants
  6 goliath frogs
  A spriggan druid (Swamp:3)
  11 orb spiders
  An obsidian statue (Gauntlet)
  2 bog bodies
  3 sun moths
  6 deep elf archers (Elf:1)
  12 deep elf zephyrmancers (Elf:1)
  Pikel (D:8)
  5 orc knights (Orc:2)
  2 steelbarb worms
  An oklob plant (Gauntlet)
  A shining eye (Slime:1)
  A cyclops (D:10)
  11 deep elf pyromancers (Elf:1)
  5 orc sorcerers
  2 ugly things
  2 will-o-the-wisps
  4 moths of wrath
  3 manticores (D:11)
  16 wolf spiders
  14 elephants
  4 kobold blastminers (Orc:2)
  8 torpor snails
  2 black mambas
  16 cane toads
  A gargoyle (D:9)
  2 ice statues (IceCv)
  Jeremiah (D:8)
  4 kobold demonologists (D:12)
  An efreet (D:10)
  14 komodo dragons
  A yaktaur (D:10)
  2 tengu conjurers
  6 ice devils (IceCv)
  3 rime drakes
  6 trolls
  2 bloated husks (Swamp:2)
  19 hornets
  31 tarantellas
  A queen bee (shapeshifter) (D:10)
  9 polar bears
  6 tyrant leeches
  13 blink frogs
  15 dream sheep
  25 jumping spiders
  A centaur simulacrum (D:10)
  25 culicivoras
  5 shadows
  10 slime creatures
  A dire elephant simulacrum (IceCv)
  2 air elementals (Elf:1)
  2 vampires
  60 yaks
  14 wyverns
  20 spriggans
  A water elemental (Elf:1)
  A fire elemental (Elf:1)
  2 wraiths
  A golden eye (shapeshifter) (D:10)
  2 hogs (Lair:5)
  2 steam dragons (D:8)
  5 vampire mosquitoes
  4 basilisks
  72 redbacks
  3 acid dragons
  A harpy simulacrum (IceCv)
  11 swamp worms
  A hydra simulacrum (IceCv)
  19 water moccasins
  21 orc warriors
  An ice beast (shapeshifter) (D:10)
  4 black bears
  9 swamp drakes
  A laughing skull (D:10)
  4 boggarts (Lair:5)
  4 ogres
  10 centaurs
  28 wolves
  A phantom (D:4)
  A lemure (D:8)
  13 bullfrogs
  5 kobold brigands
  7 scorpions
  A cane toad simulacrum (IceCv)
  4 gnoll sergeants
  2 earth elementals (Elf:1)
  17 wights
  2 elephant simulacra (IceCv)
  3 killer bees
  3 jellies
  10 howler monkeys
  8 electric eels
  4 bombardier beetles
  A hound (D:6)
  Crazy Yiuf (D:4)
  16 orc priests
  A gnoll bouda (D:10)
  2 sleepcaps (D:5)
  Natasha (thrice) (D:2)
  3 iguanas
  26 orc wizards
  5 spriggan simulacra (IceCv)
  A hell rat (Lair:2)
  2 polar bear simulacra (IceCv)
  A troll simulacrum (IceCv)
  2 wolf simulacra (IceCv)
  7 adders
  17 gnolls
  A naga simulacrum (IceCv)
  6 white imps
  An ufetubus (IceCv)
  A dart slug (D:4)
  A ribbon worm (D:2)
  66 orcs
  11 ball pythons
  10 bats
  10 endoplasms
  A giant cockroach (D:5)
  8 goblins
  4 hobgoblins
  6 jackals
  3 quokkas
  4 frilled lizards
  27 kobolds
  4 rats
1118 creatures vanquished.

Vanquished Creatures (collateral kills)
  An alligator (Swamp:2)
  A spriggan druid (Swamp:2)
  A spriggan (Swamp:2)
3 creatures vanquished.

Vanquished Creatures (others)
  An alligator (Swamp:1)
  A deep elf pyromancer (Elf:1)
  Maurice (D:8)
  A torpor snail (Spider:4)
  A bloated husk (Swamp:3)
  A hornet (Swamp:2)
  A tarantella (Spider:4)
  A jumping spider (Spider:4)
  A culicivora (Spider:4)
  2 humans (Lair:5)
  A vampire mosquito (Swamp:1)
  A water moccasin (Lair:5)
  3 kobold brigands
  A killer bee (D:10)
  A bombardier beetle (D:5)
  An orc wizard (Orc:2)
  2 foxfires (Swamp:1)
21 creatures vanquished.

Grand Total: 1142 creatures vanquished

Notes
Turn   | Place    | Note
-------+----------+-------------------------------------------
     0 | D:1      | Jokingforfun the Armataur Fighter began the quest for the
                  | Orb.
     0 | D:1      | Reached XP level 1. HP: 18/18 MP: 1/1
   191 | D:1      | Reached XP level 2. HP: 24/25 MP: 2/2
   646 | D:2      | Reached XP level 3. HP: 31/31 MP: 3/3
   702 | D:2      | Noticed Natasha
   716 | D:2      | Killed Natasha
   996 | D:2      | Reached XP level 4. HP: 38/38 MP: 4/4
  1186 | D:2      | Reached skill level 4 in Shields
  1266 | D:2      | Noticed Natasha
  1270 | D:2      | Killed Natasha
  1505 | D:2      | Noticed Natasha
  1508 | D:2      | Killed Natasha
  1509 | D:2      | Reached XP level 5. HP: 37/45 MP: 5/5
  2095 | D:3      | Reached skill level 5 in Armour
  2320 | D:3      | Identified the +0 leather armour "Poeci" {+Blink rN+ Int+2
                  | Dex-4}
  2671 | D:4      | Noticed a phantom
  2686 | D:4      | Killed a phantom
  2687 | D:4      | Reached skill level 1 in Throwing
  2687 | D:4      | Reached XP level 6. HP: 48/51 MP: 6/6
  2978 | D:4      | Found a runed translucent door.
  2979 | D:4      | Noticed Crazy Yiuf
  2986 | D:4      | Killed Crazy Yiuf
  3100 | D:4      | Reached skill level 1 in Maces & Flails
  3278 | D:5      | Entered Level 5 of the Dungeon
  3297 | D:5      | Gained mutation: You regenerate magic and health when
                  | rolling toward enemies. (Rampage Regen) [Armataur growth]
  3297 | D:5      | Reached XP level 7. HP: 46/57 MP: 7/7
  3371 | D:5      | Found a glowing drain.
  3454 | Sewer    | Entered a sewer
  3502 | Sewer    | Reached skill level 5 in Shields
  4216 | D:5      | Found Wem Fap's Self-Improvement Boutique.
  4726 | D:6      | Reached XP level 8. HP: 62/66 MP: 8/8
  4861 | D:6      | Reached skill level 6 in Shields
  5027 | D:6      | Found a staircase to the Ecumenical Temple.
  5036 | Temple   | Entered the Ecumenical Temple
  5093 | Temple   | Became a worshipper of the Wu Jian Council
  5625 | D:7      | Reached skill level 5 in Fighting
  5782 | D:7      | Reached XP level 9. HP: 53/74 MP: 9/9
  5950 | D:7      | Reached skill level 5 in Maces & Flails
  5950 | D:7      | Reached skill level 7 in Shields
  6110 | D:7      | Found a glowing golden altar of the Shining One.
  6205 | D:7      | Reached * piety under Wu Jian
  6223 | D:7      | Learned a level 2 spell: Blink
  6256 | D:7      | Identified the +5 chain mail of Lilacs {Dex+3}
  6506 | D:7      | Found a stormy altar of Qazlal.
  6509 | D:7      | Found a sacrificial altar of Ru.
  6517 | D:7      | Found an opulent altar of Gozag.
  6531 | D:7      | Found a basalt altar of Yredelemnul.
  7350 | D:8      | Noticed a two-headed ogre
  7359 | D:8      | Killed a two-headed ogre
  7373 | D:8      | Noticed a two-headed ogre
  7383 | D:8      | Reached XP level 10. HP: 83/83 MP: 10/10
  7400 | D:8      | Killed a two-headed ogre
  7401 | D:8      | Reached skill level 5 in Throwing
  7401 | D:8      | Reached skill level 8 in Shields
  7504 | D:8      | Noticed a two-headed ogre
  7514 | D:8      | Killed a two-headed ogre
  7615 | D:8      | Found a flagged portal.
  7615 | D:8      | Noticed Jeremiah
  7638 | D:8      | Reached skill level 9 in Shields
  7754 | D:8      | Reached ** piety under Wu Jian
  7898 | D:8      | Noticed Pikel
  7912 | D:8      | Killed Pikel
  8001 | D:8      | Found an iron altar of Okawaru.
  8093 | D:8      | Noticed Maurice
  8099 | D:8      | Something stole a +6 ring of intelligence
  8101 | D:8      | Killed Maurice
  8107 | D:8      | Reached XP level 11. HP: 76/92 MP: 11/11
  8379 | D:8      | Killed Jeremiah
  8466 | D:9      | Found a staircase to the Lair.
  9053 | D:9      | Reached skill level 10 in Shields
  9752 | D:9      | Reached *** piety under Wu Jian
  9878 | Lair:1   | Entered Level 1 of the Lair of Beasts
  9982 | Lair:1   | Reached skill level 11 in Shields
 10506 | Lair:1   | Reached XP level 12. HP: 93/102 MP: 12/12
 10521 | Lair:1   | Reached skill level 1 in Evocations
 10900 | Lair:1   | Reached skill level 12 in Shields
 11232 | Lair:2   | Found a gate leading to a gauntlet.
 11252 | Gauntlet | Entered a Gauntlet
 11252 | Gauntlet | Found a transporter.
 11252 | Gauntlet | Found a transporter.
 11261 | Gauntlet | Found a transporter.
 11261 | Gauntlet | Found a transporter.
 11261 | Gauntlet | Found a transporter.
 11434 | Gauntlet | Found a transporter.
 11494 | Gauntlet | Found a transporter.
 11495 | Gauntlet | Found a transporter.
 11510 | Gauntlet | Found a transporter.
 11512 | Gauntlet | Found a transporter.
 11606 | Gauntlet | Found a transporter.
 11606 | Gauntlet | Found a transporter.
 11785 | Gauntlet | Identified the staff of the Saviour {rPois rN+ SInv Fire
                  | Alchemy}
 11843 | Gauntlet | Noticed a minotaur
 11863 | Gauntlet | Killed a minotaur
 11864 | Gauntlet | Reached skill level 1 in Dodging
 12052 | Gauntlet | Identified the +5 plate armour of Hedge Wizardry {rPois}
 12118 | Lair:2   | Reached skill level 10 in Maces & Flails
 12168 | Lair:2   | Found a hole to the Spider Nest.
 12482 | Lair:2   | Reached **** piety under Wu Jian
 12541 | Lair:2   | Found a staircase to the Swamp.
 12810 | Lair:2   | Reached skill level 13 in Shields
 12903 | Lair:2   | Noticed a seven-headed hydra
 12914 | Lair:2   | Killed a seven-headed hydra
 12924 | Lair:2   | Noticed a seven-headed hydra
 12926 | Lair:2   | Reached XP level 13. HP: 99/111 MP: 13/13
 13424 | Spider:1 | Entered Level 1 of the Spider Nest
 13434 | Lair:2   | Reached skill level 10 in Armour
 13905 | Swamp:1  | Entered Level 1 of the Swamp
 14068 | Swamp:1  | Reached skill level 1 in Stealth
 14498 | Lair:3   | Reached skill level 10 in Fighting
 15756 | Lair:4   | Reached skill level 14 in Shields
 16565 | Lair:5   | Entered Level 5 of the Lair of Beasts
 16691 | Lair:5   | Found a staircase to the Slime Pits.
 16732 | Lair:5   | Identified the +7 falchion of Fahak {venom, ^Drain Fly
                  | rElec Dex+2}
 16732 | Lair:5   | Noticed Kirke
 16766 | Lair:5   | Killed Kirke
 16982 | Lair:5   | Reached XP level 14. HP: 106/122 MP: 14/14
 17040 | Lair:5   | Noticed Rupert
 17076 | Lair:5   | Paralysed by Rupert for 5 turns
 17101 | Lair:5   | Killed Rupert
 17239 | Lair:5   | Reached ***** piety under Wu Jian
 17338 | Lair:5   | Reached skill level 5 in Stealth
 17477 | Lair:5   | Reached skill level 15 in Shields
 17537 | Lair:5   | Got Ammoeph's Folio of Fateful Ozone
 18391 | D:5      | Bought a manual of Armour for 960 gold pieces
 18468 | D:10     | Entered Level 10 of the Dungeon
 18899 | D:10     | Reached XP level 15. HP: 106/130 MP: 15/15
 18902 | D:10     | Reached ****** piety under Wu Jian
 19074 | D:10     | Noticed a frost giant
 19377 | D:10     | Killed a frost giant
 19702 | D:11     | Found a transporter.
 19714 | D:11     | Found a transporter.
 19717 | D:11     | Found a transporter.
 19718 | D:11     | Found a transporter.
 20689 | D:12     | Found a frozen archway.
 20689 | D:12     | Found a blossoming altar of Fedhas.
 20697 | IceCv    | Entered an ice cave
 20961 | IceCv    | Identified a scroll of acquirement
 20961 | IceCv    | Acquired a manual of Shields
 21237 | IceCv    | Reached skill level 16 in Shields
 21396 | D:12     | Found a staircase to the Orcish Mines.
 21491 | D:12     | Reached skill level 10 in Stealth
 21803 | Orc:1    | Entered Level 1 of the Orcish Mines
 21969 | Orc:1    | You fall into a shaft and drop 1 floor!
 21969 | Orc:2    | Entered Level 2 of the Orcish Mines
 22154 | Orc:2    | Found a staircase to the Elven Halls.
 22554 | Orc:2    | Found Vunog's Distillery.
 22617 | Orc:2    | Gained mutation: Your system is resistant to poisons.
                  | (rPois) [a neqoxec]
 22727 | Orc:2    | Found Ytaiwats's Jewellery Emporium.
 22749 | Orc:2    | Found Memoxtodgh's Weapon Emporium.
 22758 | Orc:2    | Found Gaptoini's Distillery.
 22773 | Orc:2    | Bought a potion of invisibility for 120 gold pieces
 22773 | Orc:2    | Bought a potion of heal wounds for 75 gold pieces
 22773 | Orc:2    | Bought a potion of heal wounds for 75 gold pieces
 22773 | Orc:2    | Bought a potion of berserk rage for 75 gold pieces
 22776 | Orc:2    | Bought a ring of positive energy for 320 gold pieces
 23108 | Orc:1    | Found Howkeats's Magic Scroll Shoppe.
 23119 | Orc:1    | Bought a scroll of identify for 24 gold pieces
 23119 | Orc:1    | Bought a scroll of identify for 24 gold pieces
 23119 | Orc:1    | Bought a scroll of identify for 24 gold pieces
 23119 | Orc:1    | Bought a scroll of identify for 24 gold pieces
 23407 | Elf:1    | Entered Level 1 of the Elven Halls
 23671 | Elf:1    | Identified the blade talisman "Deasaj" {*Slow rPois rCorr
                  | SInv}
 23799 | Elf:1    | Reached skill level 17 in Shields
 23913 | Elf:1    | Paralysed by an air elemental for 1 turns
 23964 | Elf:1    | Got the Compilation of Violence
 24036 | Elf:1    | Paralysed by an air elemental for 1 turns
 24057 | Elf:1    | Reached XP level 16. HP: 63/141 MP: 16/16
 24230 | Elf:1    | Identified the +2 scale mail of Laremac {Dex+2}
 24478 | Elf:1    | Reached skill level 5 in Axes
 24482 | Elf:1    | Reached skill level 1 in Spellcasting
 25113 | Slime:1  | Entered Level 1 of the Pits of Slime
 25113 | Slime:1  | Noticed an acid blob
 25976 | Swamp:2  | Identified the serpent talisman of Qivvef {Str+3 Int+2}
 25976 | Swamp:2  | Noticed Aizul
 25987 | Swamp:2  | Killed Aizul
 26069 | Swamp:2  | Reached skill level 18 in Shields
 26559 | Swamp:3  | Noticed a thorn hunter
 26578 | Swamp:3  | Killed a thorn hunter
 26614 | Swamp:3  | Noticed a thorn hunter
 26649 | Swamp:3  | Reached skill level 5 in Spellcasting
 26649 | Swamp:3  | Reached XP level 17. HP: 148/148 MP: 21/25
 26777 | Swamp:3  | Identified the +4 ring mail "Xenatu" {-Tele Str+8 Dex+5
                  | Stlth+}
 26791 | Swamp:3  | Found a hide-covered altar of Uskayaw.
 27123 | Swamp:4  | Entered Level 4 of the Swamp
 27823 | Swamp:4  | Reached XP level 18. HP: 98/148 MP: 27/27
 27870 | Swamp:4  | Noticed the 27-headed Lernaean hydra
 27890 | Swamp:4  | Killed the 27-headed Lernaean hydra
 28050 | Swamp:4  | Got a decaying rune of Zot
 28241 | Spider:1 | Reached skill level 19 in Shields
 28653 | Spider:1 | Reached skill level 5 in Evocations
 29812 | Spider:1 | Learned a level 1 spell: Slow
 30906 | Spider:3 | Noticed Arachne
 31214 | Spider:3 | Killed Arachne
 31546 | Spider:3 | Reached skill level 20 in Shields
 32320 | Spider:4 | Entered Level 4 of the Spider Nest
 32393 | Spider:4 | Reached skill level 15 in Armour
 32530 | Spider:3 | Gained mutation: You are occasionally teleported next to
                  | monsters. [mutagenic glow]
 32588 | Spider:4 | Noticed Bai Suzhen
 32893 | Spider:4 | Killed Bai Suzhen
 33020 | Spider:4 | Reached XP level 19. HP: 82/163 MP: 30/30
 33109 | Spider:4 | Identified the +5 scale mail of the Cartwright {^Contam
                  | rN++ Will+ Dex+2}
 33795 | Spider:4 | Got a gossamer rune of Zot
 34002 | Lair:5   | Paralysed by a formless jellyfish for 1 turns
 34149 | Slime:1  | Demolished by a very large slime creature

Illustrated notes

Levels and vault maps discovered:
D:1:      saegor_arrival_simple_e, layout_basic, minmay_pentomino_r4
D:2:      layout_loops_ring, kennysheep_small_spiral, uniq_natasha
D:3:      layout_loops_ring, kennysheep_donut
D:4:      layout_loops_ring, uniq_crazy_yiuf_cottage
D:5:      layout_gridville, gup_sewer_entry_glass,
          hangedman_abyss_or_decor_passed, corexii_hall_statues_l,
          nicolae_shop_self_help
D:6:      layout_rooms, minmay_temple_entry_statues_fountains
D:7:      layout_basic, grunt_temple_overflow_cloverleaf, tso_altar,
          minmay_misc_feat_four_crosses, serial_bayou_ford_a
D:8:      minmay_s_stair_smasher, layout_rooms, mainiacjoe_overflow_24_doors,
          enter_bailey_6, uniq_jeremiah, uniq_maurice, uniq_pikel
D:9:      layout_rooms, minmay_lair_entry_grove, minmay_shattered_shrine
D:10:     layout_roguey, nicolae_rejected_hall
D:11:     layout_irregular_city, nicolae_diode_intersection
D:12:     layout_cross, portal_ice_cave_entry_pillars_1,
          fedhas_bush_and_centaur_altar
Temple:   eino_temple_scatter_basement
Lair:1:   layout_misc_corridors, chequers_serial_rivers_small_a
Lair:2:   nzn_winding_woodlands_medium [nzn_winding_woodlands_5x5_closed_star,
          nzn_winding_woodlands_5x15_jagged, nzn_winding_woodlands_hourglass,
          nzn_winding_woodlands_5x5_cross,
          nzn_winding_woodlands_center_pierced_h,
          nzn_winding_woodlands_5x5_three, nzn_winding_woodlands_5x5_default,
          nzn_winding_woodlands_5x15_crooked,
          nzn_winding_woodlands_5x5_perimeter], layout_chaotic_city,
          nicolae_swamp_entry_splash_gauntlet,
          hellmonk_spider_entry_life_and_decay, gauntlet_entry_generic
Lair:3:   layout_cave_pods, grunt_megastairs_2
Lair:4:   layout_gridlike
Lair:5:   minmay_lair_end_enchanted_forest, layout_hall_layers, slime_entry_1,
          uniq_rupert, uniq_kirke
Swamp:1:  layout_falls_marsh, evilmike_swamp_ruin_wall
Swamp:2:  layout_falls_marsh, nicolae_swamp_stuck_in_the_mud, swamp_pool_4,
          uniq_aizul
Swamp:3:  layout_falls_marsh, evilmike_swamp_ruin_house_5,
          nicolae_swamp_godswood
Swamp:4:  swamp_old_school, layout_basic_swamp, swamp_pool_1_2,
          grunt_lady_of_the_lake, nicolae_swamp_decorative_isthmus,
          infiniplex_staircase_pool_2
Spider:1: layout_spider_delve
Spider:2: layout_spider_delve, hangedman_spider_tarantella_strand
Spider:3: layout_spider_delve, nicolae_spider_spiderdrome, uniq_arachne
Spider:4: spider_rune_water, drop_trap, uniq_bai_suzhen
Slime:1:  layout_caves
Orc:1:    layout_caves, basic_altar, serial_shops, nicolae_shop_hallway_stairs
Orc:2:    st_orc_elflike, layout_caves
Elf:1:    elf_arrival_001, layout_gridlike, minmay_elf_annihilation,
          minmay_misc_feat_alley

Skill      XL: |  1  2  3  4  5  6  7  8  9 10 11 12 13 14 15 16 17 18 19 |
---------------+----------------------------------------------------------+-----
Fighting       | 3 4 5 6 7 8 9 10 11 12 13 | 13.3
Axes           | 2 3 4 6 8 |  8.8
Armour         | 4 5 6 7 8 9 10 11 12 13 15 | 15.1
Shields        | 4 5 6 7 9 11 13 14 15 17 18 20 | 20.6
Throwing       | 1 2 3 4 5 6 7 8 |  8.3
Maces & Flails | 1 3 4 6 8 9 10 11 12 13 | 13.8
Evocations     | 1 2 3 4 6 7 |  7.1
Dodging        | 1 2 3 4 |  4.3
Stealth        | 4 9 12 13 | 13.8
Spellcasting   | 5 6 7 |  7.9
Long Blades    | |  0.5

Action                     |  1- 3 |  4- 6 |  7- 9 | 10-12 | 13-15 | 16-18 | 19-21 || total
---------------------------+-------+-------+-------+-------+-------+-------+-------++-------
  Melee: War axe           |   101 |    95 |       |       |    60 |   923 |   152 ||  1331
         Tailslap          |     8 |    14 |    45 |   116 |   340 |   292 |    44 ||   859
         Flail             |       |    53 |   354 |   645 |  1536 |   343 |       ||  2931
         Falchion          |       |       |       |       |       |    15 |       ||    15
  Throw: Stone             |     8 |    41 |    23 |     1 |       |       |       ||    73
         Boomerang         |       |     5 |    19 |     9 |    64 |    64 |    11 ||   172
         Dart              |       |       |    56 |    64 |    48 |   151 |    15 ||   334
         Javelin           |       |       |       |     7 |    20 |     8 |       ||    35
         Throwing net      |       |       |       |     1 |     2 |     2 |       ||     5
 Invoke: Serpent's Lash    |       |       |       |     4 |     4 |     4 |     1 ||    13
         Heavenly Storm    |       |       |       |       |       |     3 |     1 ||     4
Ability: Lunge             |       |       |    20 |    58 |   131 |   110 |    10 ||   329
         Whirlwind         |       |       |     1 |    11 |   371 |   151 |    18 ||   552
         Wall Jump         |       |       |       |       |     8 |     1 |       ||     9
  Evoke: Wand              |       |       |     3 |    19 |    48 |    22 |     2 ||    94
    Use: Potion            |       |     1 |     5 |     4 |    32 |    12 |     1 ||    55
         Scroll            |       |     2 |     3 |    16 |    25 |    11 |     2 ||    59
   Stab: Paralysed         |       |       |     2 |       |       |     2 |       ||     4
         Invisible         |       |       |       |     2 |    17 |     7 |       ||    26
         Distracted        |       |       |       |     1 |     1 |     2 |       ||     4
         Sleeping          |       |       |       |       |     5 |    20 |     6 ||    31
         Held in net/web   |       |       |       |       |       |     1 |       ||     1
 Armour: Scale mail        |    72 |    91 |   155 |       |       |       |   125 ||   443
         Chain mail        |     6 |    13 |    62 |   400 |   888 |  1440 |     1 ||  2810
         Ring mail         |       |       |    36 |       |       |       |       ||    36
         Skin              |       |       |       |       |    63 |       |       ||    63
  Dodge: Dodged            |    37 |    35 |    77 |   146 |   202 |   470 |    52 ||  1019
  Block: Kite shield       |    50 |    61 |   195 |   444 |  1092 |  1596 |   189 ||  3627
         Buckler           |     3 |       |       |       |       |       |       ||     3
         Reflection        |       |     3 |     7 |    14 |    46 |    25 |       ||    95
         Form:             |       |       |     2 |       |       |       |       ||     2
         Beast             |       |       |     2 |       |       |       |       ||     2
